 Dungeon Crawl Stone Soup version 0.26-a0-810-ge1a9524b62 (webtiles) character file.

Game seed: 13950504406656303489

239 lunkers the Chiller (level 6, 0/41 HPs)
             Began as a Barachi Ice Elementalist on Nov 12, 2020.
             Slain by a bullfrog skeleton (2 damage)
             ... on level 4 of the Dungeon.
             The game lasted 00:03:33 (3280 turns).

lunkers the Chiller (Barachi Ice Elementalist)      Turns: 3280, Time: 00:03:33

Health: 0/41       AC:  4    Str: 10    XL:     6   Next: 7%
Magic:  12/12      EV: 12    Int: 17    God:
Gold:   81         SH:  0    Dex: 12    Spells: 12/13 levels left

rFire    + . .     SeeInvis .   p - +2 dagger (elec)
rCold    . . .     Faith    .   (no shield)
rNeg     . . .     Spirit   .   s - +1 robe {rF+}
rPois    .         Reflect  .   (no helmet)
rElec    .         Harm     .   m - +0 cloak
rCorr    +         Rampage  .   (no gloves)
MR       .....                  (no boots)
Stlth    ++........             (no amulet)
HPRegen  0.13/turn              i - ring of resist corrosion
MPRegen  0.13/turn              (no ring)

@: slow
A: +LOS, swims, slowness 1, strong legs 1
a: Hop


You were on level 4 of the Dungeon.
You visited 1 branch of the dungeon, and saw 4 of its levels.

You collected 81 gold pieces.

Inventory:

Hand Weapons
 o - a +0 dagger of speed
 p - a +2 dagger of electrocution (weapon)
Missiles
 k - 8 curare-tipped darts {=f}
Armour
 a - a +0 robe
 m - a +0 cloak (worn)
 s - a +1 robe of fire resistance (worn)
Jewellery
 i - a ring of resist corrosion (left hand)
Wands
 n - a wand of paralysis (9)
Scrolls
 b - 3 scrolls of remove curse {unknown}
 d - a scroll of blinking {unknown}
 e - 3 scrolls of identify {unknown}
 g - a scroll of fear {unknown}
 h - a scroll of enchant weapon {unknown}
 j - a scroll of teleportation {unknown}
 l - a scroll of fog {unknown}
 r - 2 scrolls of immolation {unknown}
Potions
 c - 6 potions of curing {unknown}
 f - a potion of flight {unknown}
 q - a potion of might {unknown}


   Skills:
 - Level 2.1 Dodging
 - Level 1.7 Stealth
 + Level 4.0 Spellcasting
 * Level 7.5 Ice Magic


You had 12 spell levels left.
You knew the following spells:

 Your Spells              Type           Power        Failure   Level
a - Freeze                Ice            ####         1%          1

Your spell library contained the following spells:

 Spells                   Type           Power        Failure   Level
 Frozen Ramparts          Ice            ####..       2%          3
 Ozocubu's Armour         Ice            ####....     2%          3
 Hailstorm                Conj/Ice       ###.....     32%         4
 Summon Ice Beast         Ice/Summ       ###.....     32%         4


Dungeon Overview and Level Annotations

Branches:
Dungeon (4/15)
 Temple: D:4-7

Altars:
Cheibriados
Fedhas
Gozag
Trog
Wu Jian


Innate Abilities, Weirdness & Mutations

You can be seen from farther away. (+LOS)
You can swim through water.
You cover ground slowly.
You can hop short distances.


Message History

The bullfrog skeleton barely misses you.
You hit the bullfrog skeleton.
The bullfrog skeleton is heavily damaged.
The bullfrog skeleton hits you.
* * * LOW HITPOINT WARNING * * *
The bullfrog skeleton hits you.
* * * LOW HITPOINT WARNING * * *
You hit the bullfrog skeleton.
The bullfrog skeleton is severely damaged.
The bullfrog skeleton hits you.
* * * LOW HITPOINT WARNING * * *
You hit the bullfrog skeleton but do no damage.
The bullfrog skeleton is severely damaged.
The bullfrog skeleton misses you.
You hit the bullfrog skeleton.
The bullfrog skeleton is severely damaged.
The bullfrog skeleton hits you.
* * * LOW HITPOINT WARNING * * *
The bullfrog skeleton hits you.
You die...

.####### . ........ .S
..P.P... ...
#.PPP..######## ....
#...P..†Z@....#####.....
#....#.######...........
....
...#...........#.... .#
.........†....#######
#........######.#.....#
#..8Z.## #.#.###.#
#....Z #...# #.####
#.Z... ##### #....#
..#### #.##.#


You could see a bullfrog skeleton.

Vanquished Creatures
  2 bullfrog skeletons (D:4)
  3 hound skeletons (D:4)
  A worker ant zombie (D:4)
  7 adders
  An ooze (D:1)
  A worm (D:3)
  3 dart slugs
  3 leopard geckos
  An orc (D:3)
  5 giant cockroaches
  6 goblins
  7 hobgoblins
  3 jackals (D:2)
  5 kobolds
  3 bats
  3 frilled lizards
  7 rats
61 creatures vanquished.

Vanquished Creatures (others)
  4 toadstools (D:1)
4 creatures vanquished.

Grand Total: 65 creatures vanquished

Notes
Turn   | Place    | Note
-------+----------+-------------------------------------------
     0 | D:1      | lunkers the Barachi Ice Elementalist began the quest for
                  | the Orb.
     0 | D:1      | Reached XP level 1. HP: 13/13 MP: 3/3
   214 | D:1      | Reached skill level 5 in Ice Magic
   303 | D:1      | Reached XP level 2. HP: 16/19 MP: 0/5
   911 | D:2      | Reached XP level 3. HP: 21/24 MP: 4/7
  1219 | D:2      | Found an opulent altar of Gozag.
  1222 | D:2      | Found a blossoming altar of Fedhas.
  1222 | D:2      | Found a bloodstained altar of Trog.
  1225 | D:2      | Found a snail-covered altar of Cheibriados.
  1244 | D:2      | Reached skill level 6 in Ice Magic
  1460 | D:2      | Reached XP level 4. HP: 30/30 MP: 6/8
  2671 | D:3      | Reached XP level 5. HP: 35/35 MP: 8/10
  3003 | D:4      | Reached skill level 7 in Ice Magic
  3209 | D:4      | Found an ornate altar of the Wu Jian Council.
  3258 | D:4      | Reached XP level 6. HP: 31/41 MP: 9/11
  3280 | D:4      | HP: 2/41 [bullfrog skeleton (3)]
  3280 | D:4      | Slain by a bullfrog skeleton

Illustrated notes

Levels and vault maps discovered:
D:1:      ldierk_water_garden, layout_basic
D:2:      layout_loops_ring, grunt_temple_overflow_open
D:3:      layout_basic
D:4:      layout_basic, nicolae_overflow_hidden_temple, serial_undead,
          serial_undead_d, serial_undead_b, serial_undead_b, serial_undead_d,
          corexii_item_surrounded_by_moat, corexii_hall_statues_i

Skill      XL: |  1  2  3  4  5  6 |
---------------+-------------------+-----
Ice Magic      | 5 6 7 |  7.5
Spellcasting   | 3 4 |  4.0
Dodging        | |  2.1
Stealth        | |  1.7

Action                   |  1- 3 |  4- 6 || total
-------------------------+-------+-------++-------
Melee: Dagger            |       |    50 ||    50
 Cast: Freeze            |    42 |    46 ||    88
Armor: Robe              |     8 |    16 ||    24
Dodge: Dodged            |    32 |    43 ||    75

Table legend: (Time is in decaauts)
 A = Elapsed time spent in this place.
 B = Non-inter-level travel time spent in this place.
 C = Inter-level travel time spent in this place.
 D = Time resting spent in this place.
 E = Time spent auto-exploring this place.
 F = Levels seen in this place.
 G = Mean time per level.
                   A        B        C        D        E       F      G
               +--------+--------+--------+--------+--------+-----+--------+
         Total |   3612 |   3544 |     68 |    119 |   2942 |   4 |  903.0 |
       Dungeon |   3612 |   3544 |     68 |    119 |   2942 |   4 |  903.0 |
               +--------+--------+--------+--------+--------+-----+--------+

Top non-repeatable levels by time:
     D:2: 1169 daAuts
     D:3: 1140 daAuts
     D:1: 869 daAuts
     D:4: 433 daAuts
